 Dungeon Crawl Stone Soup version 0.18.1-48-g4cf74bf (webtiles) character file.

126 sveltemanboy the Chucker (level 5, 0/54 HPs)
             Began as an Ogre Hunter on June 24, 2016.
             Killed from afar by Typee's ghost (8 damage)
             ... with a magic dart
             ... on level 3 of the Dungeon.
             The game lasted 00:06:28 (2528 turns).

sveltemanboy the Chucker (Ogre Hunter)              Turns: 2528, Time: 00:06:28

Health: 0/54       AC:  3    Str: 18    XL:     5   Next: 10%
Magic:  5/5        EV: 10    Int: 10    God:
Gold:   221        SH:  0    Dex: 10    Spells: 0 memorised, 4 levels left

rFire  . . .     SeeInvis .     l - +0 whip
rCold  . . .     Gourm    .     b - +0 robe
rNeg   . . .     Faith    .     (no shield)
rPois  .         Spirit   .     (helmet restricted)
rElec  .         Dismiss  .     (no cloak)
rCorr  .         Reflect  .     (gloves unavailable)
SustAt .         Harm     .     (boots unavailable)
MR     .....                    (no amulet)
Stlth  +.........               (no ring)
                                (no ring)

@: not resistant to hostile enchantments, very unstealthy
A: unfitting armour, tough skin 1
a: no special abilities


You were on level 3 of the Dungeon.
You were not hungry.

You visited 1 branch of the dungeon, and saw 3 of its levels.

You collected 221 gold pieces.

Inventory:

Hand Weapons
 l - a +0 whip (weapon)
Missiles
 a - 30 stones
 m - a javelin (quivered)
 s - 2 throwing nets
Armour
 b - a +0 robe (worn)
Jewellery
 k - an uncursed ring of ice {unknown}
Scrolls
 o - a scroll of noise {unknown}
 r - a scroll of enchant armour {unknown}
 t - 2 scrolls of identify {unknown}
Potions
 d - a potion of cancellation {unknown}
 e - a potion of haste {unknown}
 g - a potion of agility {unknown}
 i - a potion of heal wounds {unknown}
 j - 2 potions of curing {unknown}
 p - a potion of invisibility {unknown}
Comestibles
 f - 4 bread rations
 h - 2 beef jerkies
 n - 3 fruits


   Skills:
 + Level 3.8 Fighting
 * Level 4.2 Maces & Flails
 + Level 4.2 Throwing
 - Level 1.0 Armour
 - Level 2.0 Dodging
 - Level 0.7 Stealth


You had 4 spell levels left.
You didn't know any spells.

Dungeon Overview and Level Annotations

Branches:
Dungeon (3/15)

Altars:

Annotations:
D:3 Typee's ghost, amateur OpCj


Innate Abilities, Weirdness & Mutations

You are too large for most types of armour.
You have tough skin (AC +1).


Message History

Press: ? - help, Shift-Dir - straight line, f/p - phantom
Aim: a phantom (severely damaged)
You throw a javelin. The javelin hits the phantom.
The phantom is severely damaged.
The phantom hits you.
The phantom blinks!
Typee's ghost casts a spell at you. The magic dart hits you!
* * * LOW HITPOINT WARNING * * *
Unknown command.
Throwing (i - inventory. (,) - cycle):
m - 2 javelins (quivered)
Press: ? - help, Shift-Dir - straight line, f/p - phantom
Aim: a phantom (severely damaged)
You throw a javelin. The javelin hits Typee's ghost!
Typee's ghost is moderately damaged.
Typee's ghost casts a spell at you. The magic dart hits you!
* * * LOW HITPOINT WARNING * * *
Typee's ghost stares at you and mumbles some strange words.
The magic dart hits you!
You die...

#......#
##..###.#
#.>####.#####.#
###...........#
#...#...#####.#
#####.### #.#
#.#############.#
#(....(W(.@(...(#
.####.#W##.####.#
# #.##.# #.#
#.##.# #.# ((##.#
#.# #.##<# #.#
#....# #.# #.####
.#


You could see a phantom and Typee's ghost.

Vanquished Creatures
  4 gnolls (D:2)
  2 adders (D:2)
  2 worms (D:2)
  3 giant geckos
  5 orcs (D:3)
  2 giant cockroaches
  6 goblins
  8 hobgoblins
  11 kobolds
  7 bats
  4 giant newts
  3 rats (D:1)
57 creatures vanquished.

Notes
Turn   | Place    | Note
--------------------------------------------------------------
     0 | D:1      | sveltemanboy the Ogre Hunter began the quest for the Orb.
     0 | D:1      | Reached XP level 1. HP: 22/22 MP: 1/1
   275 | D:1      | Reached skill level 1 in Maces & Flails
   348 | D:1      | Reached XP level 2. HP: 28/29 MP: 2/2
  1059 | D:1      | Reached XP level 3. HP: 37/37 MP: 3/3
  1159 | D:2      | Reached skill level 1 in Armour
  1649 | D:2      | Reached XP level 4. HP: 46/46 MP: 4/4
  2269 | D:3      | Reached XP level 5. HP: 50/54 MP: 5/5
  2511 | D:3      | Noticed a phantom
  2520 | D:3      | Noticed Typee's ghost (amateur OpCj)
  2528 | D:3      | Killed from afar by Typee's ghost

Skill      XL: |  1  2  3  4 |
---------------+-------------+-----
Maces & Flails | 1 3 4 |  4.2
Dodging        | 2 |  2.0
Fighting       | 3 |  3.8
Armour         | 1 |  1.0
Throwing       | |  4.2
Stealth        | |  0.7

Action                   |  1- 3 |  4- 6 || total
-------------------------+-------+-------++-------
Melee: Club              |    84 |       ||    84
       Short sword       |     3 |       ||     3
       Whip              |    68 |    79 ||   147
Throw: Stone             |    16 |       ||    16
       Large rock        |     4 |     8 ||    12
       Throwing net      |     2 |     2 ||     4
       Javelin           |       |    11 ||    11
 Stab: Sleeping          |     1 |       ||     1
  Eat: Chunk             |     3 |     2 ||     5
Armor: Robe              |    39 |    13 ||    52
Dodge: Dodged            |    78 |    50 ||   128
